Map: Kairos Junction LE

Players

Harstem

  • Race: Protoss Protoss
  • League: Grandmaster
  • Spawn Location: 11:00

Lambo - Winner!

  • Race: Zerg Zerg
  • League: Grandmaster
  • Spawn Location: 5:00

Event: HomeStory Cup XIX

VOD

Have the link to the VOD?

Description

Time

  • Played on: June 27, 2019, 12:25 p.m.
  • Length: 11:00

All games in this series

Show
View Real Time Build Order
Export as new Build Order

Harstem Protoss 

Build Orders: 1 Gate Expand, Mass Adepts 

Get SALT Encoding   

  12  0:00  Probe  
  13  0:12  Probe  
  14  0:18  Pylon  
  14  0:25  Probe  
  15  0:36  Probe, Gateway  
  16  0:44  Probe  
  16  0:49  Assimilator  
  17  0:54  Probe  
  18  1:06  Probe  
  19  1:18  Probe  
  20  1:23  Cybernetics Core  
  20  1:35  Nexus  
  21  1:43  Pylon  
  20  1:47  Probe  
  20  1:52  Assimilator  
  17  1:54  Adept  
  21  1:59  Probe  
  22  2:06  Warp Gate  
  24  2:11  Probe  
  24  2:14  Adept  
  25  2:23  Probe  
  28  2:33  Twilight Council  
  28  2:35  Probe  
  29  2:44  Stalker  
  29  2:47  Probe  
  29  2:49  Probe  
  33  2:59  Probe  
  33  3:00  Robotics Facility  
  33  3:01  Probe  
  33  3:05  Resonating Glaives  
  35  3:12  Probe  
  36  3:16  Gateway  
  36  3:17  Probe  
  37  3:24  Gateway  
  37  3:27  Probe  
  38  3:39  Warp Prism  
  38  3:40  Gateway  
  39  3:41  Gateway  
  39  3:46  Probe  
  39  3:54  Adept  
  43  3:59  Probe, Pylon  
  45  4:10  Pylon  
  45  4:13  Probe  
  45  4:18  Adept  
  45  4:19  Adept x2  
  51  4:26  Pylon  
  51  4:37  Adept x3  
  57  4:38  Adept  
  57  4:39  Adept  
  61  4:45  Pylon  
  61  4:59  Adept x5  
  67  5:10  Probe  
  67  5:11  Probe  
  65  5:17  Assimilator  
  65  5:19  Assimilator  
  63  5:22  Probe  
  63  5:23  Probe  
  63  5:24  Immortal  
  59  5:34  Probe  
  59  5:35  Probe  
  53  5:44  Adept x4  
  53  5:46  Probe, Adept  
  53  5:47  Probe  
  65  5:50  Pylon  
  65  5:54  Warp Prism  
  65  5:59  Probe x2  
  69  6:06  Sentry, Pylon  
  69  6:08  Sentry  
  73  6:23  Immortal  
  73  6:34  Probe  
  76  6:40  Probe  
  76  6:41  Nexus  
  76  6:42  Pylon  
  76  6:45  Sentry x3  
  83  6:55  Immortal  
  83  6:57  Pylon  
  83  7:01  Sentry  
  85  7:03  Gateway, Phoenix  
  89  7:09  Gateway  
  89  7:21  Sentry, Zealot  
  89  7:22  Zealot  
  91  7:25  Immortal  
  91  7:26  Probe  
  90  7:30  Probe  
  90  7:35  Pylon  
  95  7:38  Probe  
  97  7:44  Adept x4  
  97  7:49  Pylon  
  97  7:50  Probe  
  106  7:52  Immortal  
  106  7:54  Probe  
  106  7:55  Probe, Forge  
  107  8:02  Probe  
  112  8:06  Probe  
  112  8:08  Probe  
  112  8:11  Pylon  
  114  8:15  Probe  
  114  8:18  Assimilator  
  115  8:21  Charge, Assimilator  
  115  8:22  Probe  
  117  8:30  Probe  
  117  8:34  Templar Archives  
  118  8:39  Observer  
  120  8:41  Adept x4  
  120  8:44  Probe, Pylon  
  120  8:45  Protoss Ground Weapons Level 1  
  128  8:52  Photon Cannon  
  127  8:56  Immortal  
  127  9:00  Gateway  
  127  9:07  Pylon  
  131  9:14  Psionic Storm  
  131  9:16  Photon Cannon  
  131  9:23  High Templar  
  131  9:24  High Templar  
  135  9:28  Probe  
  135  9:30  Photon Cannon  
  136  9:31  Zealot x3  
  136  9:32  Zealot  
  136  9:36  Archon  
  136  9:38  Sentry, Pylon  
  127  9:53  Zealot x4  
  127  9:54  Immortal  
  119  10:03  Zealot x3  
  113  10:11  Probe  
  113  10:13  Zealot x4  
  109  10:15  Probe  
  109  10:16  Probe  
  98  10:23  Probe  
  98  10:25  Zealot x2  
  73  10:36  Zealot x4  
  73  10:38  Probe  
  73  10:39  Probe  
  76  10:43  Zealot  
  76  10:44  Probe  
  76  10:47  Zealot  
  69  10:58  Zealot x4  
Show
View Real Time Build Order
Export as new Build Order

Lambo Zerg - Winner!

Build Orders: Hatch First 

Get SALT Encoding   

  12  0:01  Drone  
  13  0:12  Overlord  
  13  0:17  Drone  
  14  0:30  Drone  
  15  0:44  Hatchery  
  15  0:48  Drone  
  15  0:51  Drone  
  15  0:56  Drone  
  17  1:04  Drone  
  18  1:12  Extractor  
  17  1:19  Spawning Pool  
  17  1:21  Drone  
  17  1:22  Drone  
  18  1:33  Drone  
  19  1:41  Drone  
  20  1:55  Overlord  
  20  1:58  Drone  
  21  2:07  Queen x2  
  25  2:08  Zergling x2  
  25  2:09  Zergling x2  
  27  2:15  Metabolic Boost  
  27  2:17  Drone  
  27  2:19  Drone  
  29  2:26  Drone  
  30  2:36  Zergling x2  
  31  2:41  Zergling x2, Hatchery  
  30  2:52  Drone  
  30  2:53  Overlord  
  30  2:55  Queen  
  33  3:00  Drone x2  
  35  3:13  Drone x3  
  35  3:18  Drone x3  
  41  3:24  Overlord  
  41  3:26  Drone  
  42  3:38  Drone  
  43  3:42  Queen  
  46  3:48  Drone x3  
  46  3:52  Drone x2  
  46  3:53  Roach Warren  
  49  3:57  Drone  
  49  3:59  Drone  
  49  4:00  Extractor  
  49  4:01  Drone  
  49  4:02  Overlord  
  51  4:03  Extractor  
  50  4:18  Overlord  
  50  4:22  Overlord  
  50  4:26  Overlord  
  50  4:33  Roach x8  
  66  4:38  Roach  
  66  4:39  Roach  
  66  4:41  Roach  
  66  4:42  Roach  
  66  4:45  Zergling x4, Roach  
  77  4:54  Roach  
  77  4:55  Zergling x4, Roach  
  77  4:58  Roach  
  75  5:08  Zergling x2, Roach  
  70  5:21  Roach x3  
  70  5:30  Drone x4  
  65  5:37  Drone  
  66  5:43  Drone  
  66  5:45  Drone  
  66  5:46  Drone  
  66  5:49  Drone  
  70  5:53  Drone x2  
  70  5:56  Drone  
  73  5:59  Drone  
  73  6:01  Drone  
  75  6:04  Drone x2  
  75  6:06  Drone  
  75  6:08  Drone  
  79  6:11  Drone  
  79  6:15  Overlord  
  80  6:20  Lair  
  80  6:30  Drone x4  
  80  6:32  Drone x2  
  81  6:42  Roach x3  
  87  6:48  Drone  
  87  6:51  Drone x2  
  87  6:53  Roach x2  
  94  6:58  Overlord  
  94  7:03  Drone x2  
  94  7:04  Zergling x4, Extractor, Overlord  
  94  7:07  Overlord  
  97  7:15  Drone  
  97  7:21  Drone x4  
  97  7:22  Drone  
  100  7:23  Drone  
  100  7:24  Drone x2  
  100  7:28  Roach x2  
  107  7:31  Roach  
  109  7:37  Roach  
  109  7:38  Roach  
  109  7:42  Overlord x2  
  113  7:46  Overlord  
  113  7:49  Overlord  
  113  7:53  Overlord  
  113  7:57  Glial Reconstitution  
  113  7:59  Overlord  
  113  8:01  Roach x3  
  119  8:11  Roach x5  
  129  8:14  Roach  
  129  8:18  Roach x2  
  135  8:20  Extractor  
  135  8:21  Extractor  
  135  8:23  Roach  
  135  8:24  Infestation Pit  
  136  8:27  Roach x2  
  136  8:31  Roach  
  140  8:35  Roach x3  
  140  8:38  Ravager x2  
  150  8:43  Ravager  
  150  8:45  Zergling x10  
  156  8:49  Zergling x4  
  156  8:50  Zergling x4  
  156  8:51  Ravager  
  161  8:57  Zergling x2  
  161  9:00  Overlord  
  162  9:03  Overlord  
  162  9:05  Overlord  
  162  9:07  Overlord  
  162  9:12  Overlord  
  162  9:14  Overlord  
  162  9:18  Overlord  
  162  9:19  Ravager x2  
  162  9:22  Ravager x3  
  162  9:23  Zergling x16  
  175  9:27  Roach x2  
  175  9:30  Roach  
  181  9:34  Roach x2  
  183  9:39  Roach x2  
  178  9:46  Roach  
  178  9:47  Roach  
  178  9:50  Zergling x6  
  171  9:54  Zergling x4  
  171  9:59  Roach x2  
  162  10:03  Roach x2  
  162  10:05  Roach  
  155  10:10  Roach x2  
  155  10:12  Ravager x2  
  152  10:15  Roach  
  152  10:19  Roach x2  
  146  10:22  Roach  
  146  10:27  Roach  
  146  10:28  Roach x2  
  137  10:31  Roach  
  137  10:34  Roach  
  137  10:35  Roach  
  130  10:37  Roach  
  130  10:40  Roach  
Tags
 
Add a new tag
Caveats
  • Supply blocks, unpowered buildings, or Contaminate may cause inaccurate times.
  • Supply counts are checked every 10 seconds.